[Event "4th Memorial Warakomska-B 2020"]
[Site "Suwalki"]
[Date "2020.08.10"]
[Round "6.9"]
[White "Czech, Mieczyslaw"]
[Black "Racis, Michal"]
[Result "1-0"]
[ECO "C42"]
[WhiteElo "1863"]
[BlackElo "1453"]
[Annotator "NA"]
[PlyCount "193"]
[EventDate "2020.08.06"]
[EventType "swiss"]
[EventCountry "POL"]
[SourceTitle "playchess.com"]
[Source "ChessBase"]
[SourceQuality "1"]
[TimeControl "40/5400+30:1800+30"]

1. e4 e5 2. Nf3 Nf6 3. Nxe5 d6 4. Nf3 Nxe4 5. Qe2 Qe7 6. d3 Nf6 7. Bg5 Qxe2+ 8. Bxe2 Be7 9. O-O O-O 10. Re1 {[%emt 0:00:23] C42: Petroff Defence: 3 Nxe5 and unusual White 3rd moves.} Re8 11. Nbd2 Bd7 12. d4 h6 {[%emt 0:07:35] [#]} 13. Bh4 $146 ({Predecessor:} 13. Bxf6 Bxf6 14. Bd3 Nc6 15. c3 d5 16. Nb3 b6 17. Nbd2 Rxe1+ 18. Rxe1 Re8 19. Kf1 Kf8 20. Rxe8+ Kxe8 {½-½ (31) Stoynov,I (2300)-Badev,K (2320) Sunny Beach 2009}) 13... g5 14. Bg3 Nh5 15. Nf1 Bf6 16. c3 Nc6 17. N3d2 Nxg3 18. Nxg3 Ne7 19. Bd3 (19. Nde4 $16 Bg7 20. Nh5) 19... Ng6 20. Nde4 Bg7 21. Nh5 Kf8 22. Nef6 Bxf6 23. Nxf6 Rxe1+ 24. Rxe1 Rd8 25. Bxg6 fxg6 26. f3 Kf7 27. Nd5 c6 28. Ne3 Bf5 29. Kf2 Rd7 30. g4 Be6 31. c4 Kf6 32. Rc1 Bf7 33. b3 Be8 34. Re1 Bf7 35. Nf1 Re7 36. Re4 b5 37. Rxe7 Kxe7 38. Nd2 a5 39. a3 a4 40. cxb5 cxb5 41. bxa4 bxa4 42. Ke3 Bd5 43. Kd3 Ke6 44. Ke3 Ke7 45. Ne4 Ke6 46. Kd3 Ke7 47. Kc3 Ke6 48. Kb4 Bc6 49. Kc3 Bd5 50. Kd3 Ke7 51. Ke3 Ke6 52. Nc3 Bc6 53. Ke2 Bd7 54. Kd3 Bc6 55. Ke3 d5 56. Kd3 Kd6 57. Ke3 Ke6 $1 58. Kd2 Ke7 59. Kc2 Kd7 60. Nb1 Bb5 61. Kc3 Be2 62. Nd2 Bd1 63. Kb4 Kc6 64. Kc3 Kd6 65. Kd3 Ke6 66. Ke3 Kf6 67. Nb1 Ke6 68. Nc3 Bb3 69. Ne2 Bd1 (69... Bc4 $11) 70. Nc1 Ke7 71. Nd3 Ke6 (71... Kf6 $16 72. Ne5 Kg7) 72. Ne5 Kf6 73. Kd2 Bb3 74. Kc3 Bd1 {[%emt 0:00:22] [#]} (74... h5 $16) 75. Kb4 (75. Kd3 $1 $16) 75... Bc2 76. Kc5 Ke6 77. Kc6 Bb1 {[%emt 0:00:37] [#]} 78. Kc7 $2 (78. Nd7 $1 $18 {and the rest is easy.}) 78... Ke7 $2 {[%emt 0:01:08] [#]} ({Black should play} 78... Bc2 $14) 79. Nc6+ $1 Ke6 80. Nb4 h5 81. h3 hxg4 82. hxg4 Kf7 83. Kd6 Be4 84. fxe4 dxe4 85. Nc2 Kf6 86. d5 Kf7 87. Ke5 Ke7 88. Kxe4 Kd6 89. Kd4 Kd7 90. Kc5 Kc7 91. d6+ Kd7 92. Nd4 Kd8 93. Kc6 Kc8 94. Ne6 Kb8 95. d7 Ka7 96. d8=Q Ka6 97. Qb6# 1-0

[Event "4th Memorial Warakomska-B 2020"]
[Site "Suwalki"]
[Date "2020.08.10"]
[Round "6.10"]
[White "Siekanska, Zuzanna"]
[Black "Milewski, Karol"]
[Result "0-1"]
[ECO "D08"]
[WhiteElo "1680"]
[BlackElo "1795"]
[Annotator "NA"]
[PlyCount "78"]
[EventDate "2020.08.06"]
[EventType "swiss"]
[EventCountry "POL"]
[SourceTitle "playchess.com"]
[Source "ChessBase"]
[SourceQuality "1"]
[TimeControl "40/5400+30:1800+30"]

1. d4 d5 2. c4 e5 3. e3 Nc6 4. cxd5 Qxd5 5. Nc3 Bb4 6. Bd2 Bxc3 7. bxc3 exd4 8. cxd4 Nf6 9. Ne2 Bf5 10. Nc3 Qd7 11. Qb3 O-O 12. Be2 a6 13. O-O b5 14. Rac1 Be6 15. Qb1 Bf5 16. Qb2 Rab8 17. Rfd1 b4 18. Nb1 a5 19. a3 Rfe8 20. Bf3 Ne4 21. axb4 axb4 22. Bxe4 Bxe4 23. f3 Bd3 24. Rc5 Nd8 25. Qb3 Bg6 26. Rdc1 Ne6 27. Rc6 Nxd4 28. exd4 Qxd4+ 29. Kh1 Bxb1 30. Qxb1 Qxd2 31. Rxc7 b3 32. h3 Rbd8 33. Qf5 Re1+ 34. Rxe1 Qxe1+ 35. Kh2 Qe8 36. Rb7 Rb8 37. Qe4 Qc8 38. Ra7 b2 39. Qe7 Qf8 0-1

[Event "4th Memorial Warakomska-B 2020"]
[Site "Suwalki"]
[Date "2020.08.10"]
[Round "6.11"]
[White "Stefaniuk, Zbigniew"]
[Black "Milanowski, Jan"]
[Result "1-0"]
[ECO "B07"]
[WhiteElo "1538"]
[BlackElo "1787"]
[Annotator "NA"]
[PlyCount "72"]
[EventDate "2020.08.06"]
[EventType "swiss"]
[EventCountry "POL"]
[SourceTitle "playchess.com"]
[Source "ChessBase"]
[SourceQuality "1"]
[TimeControl "40/5400+30:1800+30"]

1. e4 d6 2. d4 Nf6 3. Nc3 c6 4. f4 Qa5 5. e5 Ne4 6. Qf3 d5 7. Bd3 Nxc3 8. Bd2 e6 9. Ne2 a6 10. Nxc3 Qb6 11. Qf2 Bd7 12. Na4 Qc7 13. Nc5 g6 14. h4 h5 15. O-O-O b6 16. Nxd7 Nxd7 17. Kb1 b5 18. Qg3 c5 19. c3 Nb6 20. Qh3 Qd7 21. g4 c4 22. Bc2 a5 23. Rdg1 hxg4 24. Qxg4 b4 25. h5 gxh5 26. Rxh5 Rxh5 27. Qxh5 O-O-O 28. f5 Na4 29. Bxa4 Qxa4 30. Qxf7 exf5 31. Qxf5+ Kb8 32. e6 b3 33. Bf4+ Ka8 34. a3 Bxa3 35. bxa3 Qxa3 36. Rg2 Rh8 1-0

[Event "4th Memorial Warakomska-B 2020"]
[Site "Suwalki"]
[Date "2020.08.10"]
[Round "6.12"]
[White "Kotarski, Bartosz"]
[Black "Jasiulewicz, Dawid"]
[Result "1-0"]
[ECO "B92"]
[WhiteElo "1742"]
[BlackElo "1374"]
[Annotator "NA"]
[PlyCount "69"]
[EventDate "2020.08.06"]
[EventType "swiss"]
[EventCountry "POL"]
[SourceTitle "playchess.com"]
[Source "ChessBase"]
[SourceQuality "1"]
[TimeControl "40/5400+30:1800+30"]

1. e4 c5 2. Nf3 d6 3. d4 cxd4 4. Nxd4 Nf6 5. Nc3 a6 6. Be2 e5 7. Nb3 Be6 8. Bg5 Be7 9. Qd2 O-O 10. O-O-O Nbd7 11. f4 h6 12. fxe5 dxe5 13. Be3 Rc8 14. Qe1 Qc7 15. Bf3 Nb6 16. Qg3 Ba3 17. Rd3 Bc4 18. Bxh6 g6 19. Re3 Bc5 20. Nxc5 Qxc5 21. h4 Kh7 22. Bg5 Kg7 23. Ree1 Rh8 24. h5 Nbd7 25. Bxf6+ Nxf6 26. Qg5 Rh6 27. g4 Nh7 28. Qd2 g5 29. Kb1 Rd6 30. Nd5 Kh6 31. b4 Qd4 32. Qxd4 exd4 33. Ne7 Be6 34. Nxc8 Bxc8 35. Rd1 1-0

[Event "4th Memorial Warakomska-B 2020"]
[Site "Suwalki"]
[Date "2020.08.10"]
[Round "6.13"]
[White "Towarnicka, Izabela"]
[Black "Zalega, Maciej"]
[Result "0-1"]
[ECO "B22"]
[WhiteElo "1397"]
[BlackElo "1743"]
[Annotator "NA"]
[PlyCount "120"]
[EventDate "2020.08.06"]
[EventType "swiss"]
[EventCountry "POL"]
[SourceTitle "playchess.com"]
[Source "ChessBase"]
[SourceQuality "1"]
[TimeControl "40/5400+30:1800+30"]

1. e4 c5 2. c3 Nf6 3. d3 Nc6 4. Nf3 e5 5. Be2 Be7 6. O-O O-O 7. Be3 d5 8. exd5 Nxd5 9. Nbd2 Bf5 10. Nb3 Nxe3 11. fxe3 e4 12. Ne1 exd3 13. Rxf5 dxe2 14. Qxe2 g6 15. Rd1 Qb6 16. Rfd5 Rad8 17. Nf3 Rxd5 18. Rxd5 Rd8 19. e4 Re8 20. Qc4 Bf8 21. Rd7 Re7 22. Rd5 Rc7 23. e5 Qa6 24. Qxa6 bxa6 25. Kf2 Rb7 26. Rd2 a5 27. Re2 a4 28. Nc1 c4 29. Ke1 a3 30. b3 Bh6 31. Nd2 Rd7 32. bxc4 Nxe5 33. Ncb3 Nd3+ 34. Kd1 Rc7 35. Kc2 Nb2 36. c5 f5 37. Re6 a5 38. c6 Kf7 39. Nd4 Re7 40. Rxe7+ Kxe7 41. Nb1 Nc4 42. g3 Kd6 43. Kb3 Nd2+ 44. Nxd2 Bxd2 45. Kc4 f4 46. gxf4 Bxf4 47. h3 h5 48. Kb5 g5 49. Kb6 g4 50. hxg4 hxg4 51. Kb7 Kd5 52. c7 Bxc7 53. Kxc7 Kc4 54. Ne2 Kd3 55. c4 Kxe2 56. c5 g3 57. c6 g2 58. Kb7 g1=Q 59. c7 Qg8 60. c8=Q Qxc8+ 0-1

[Event "4th Memorial Warakomska-B 2020"]
[Site "Suwalki"]
[Date "2020.08.10"]
[Round "6.14"]
[White "Wasik, Jozef"]
[Black "Lukasik, Zuzanna"]
[Result "1/2-1/2"]
[ECO "A21"]
[WhiteElo "1646"]
[BlackElo "1553"]
[Annotator "NA"]
[PlyCount "75"]
[EventDate "2020.08.06"]
[EventType "swiss"]
[EventCountry "POL"]
[SourceTitle "playchess.com"]
[Source "ChessBase"]
[SourceQuality "1"]
[TimeControl "40/5400+30:1800+30"]

1. c4 e5 2. Nc3 d6 3. Nf3 Be6 4. d4 exd4 5. Nxd4 Qd7 6. Nxe6 fxe6 7. g3 Nf6 8. Bg2 c6 9. e4 e5 10. O-O Na6 11. h3 Be7 12. Be3 Nc7 13. f4 exf4 14. gxf4 Ne6 15. f5 Nd8 16. Qe2 Nf7 17. Rad1 Qc7 18. Bf3 Rg8 19. Kh1 O-O-O 20. Rg1 g6 21. fxg6 Rxg6 22. Rxg6 hxg6 23. Bg4+ Kb8 24. Be6 Ne5 25. Qf2 b6 26. Rg1 Re8 27. Bf4 Bd8 28. Bxe5 dxe5 29. Bg4 Qf7 30. b3 Rg8 31. Rf1 Qe7 32. Qg3 Rf8 33. Rd1 Bc7 34. Qh4 Rd8 35. Rf1 Rf8 36. Qg5 Qg7 37. Rd1 a5 38. a3 1/2-1/2

[Event "4th Memorial Warakomska-B 2020"]
[Site "Suwalki"]
[Date "2020.08.06"]
[Round "6.15"]
[White "Kaznowska, Weronika"]
[Black "Pietryk, Joanna"]
[Result "1-0"]
[ECO "A57"]
[WhiteElo "1594"]
[BlackElo "1329"]
[Annotator "NA"]
[PlyCount "75"]
[EventDate "2020.08.06"]
[EventType "swiss"]
[EventCountry "POL"]
[SourceTitle "playchess.com"]
[Source "ChessBase"]
[SourceQuality "1"]
[TimeControl "40/5400+30:1800+30"]

1. d4 Nf6 2. c4 c5 3. d5 b5 4. cxb5 a6 5. Nc3 axb5 6. Nxb5 Bb7 7. Nc3 Qa5 8. Bd2 Qb6 9. e4 d6 10. Nf3 g6 11. Bb5+ Nbd7 12. Qb3 Qc7 13. O-O Bg7 14. a4 O-O 15. Ra2 Rfb8 16. Rfa1 Ba6 17. Qc2 Bxb5 18. Nxb5 Qb7 19. h3 Ra6 20. Bc3 Nb6 21. Nd2 Qd7 22. b3 e5 23. dxe6 fxe6 24. Qd3 d5 25. Be5 Rf8 26. Nd6 Ra7 27. a5 dxe4 28. Qb5 Nbd5 29. Qxc5 Ra6 30. N6c4 Rc6 31. Qb5 Rfc8 32. a6 Nc7 33. Qb7 Nfd5 34. a7 Ra8 35. Ra6 Rxa6 36. Rxa6 Qe8 37. Bxc7 Nxc7 38. Rc6 1-0

[Event "4th Memorial Warakomska-B 2020"]
[Site "Suwalki"]
[Date "2020.08.06"]
[Round "6.16"]
[White "Borowik, Karol"]
[Black "Gladyszewska, Kinga"]
[Result "1/2-1/2"]
[ECO "D04"]
[WhiteElo "1426"]
[BlackElo "1312"]
[Annotator "NA"]
[PlyCount "82"]
[EventDate "2020.08.06"]
[EventType "swiss"]
[EventCountry "POL"]
[SourceTitle "playchess.com"]
[Source "ChessBase"]
[SourceQuality "1"]
[TimeControl "40/5400+30:1800+30"]

1. d4 d5 2. Nf3 Nf6 3. e3 Bf5 4. b3 e6 5. Bb2 Bd6 6. Nbd2 Nbd7 7. Be2 O-O 8. O-O h6 9. Ne5 Ne4 10. f4 Nxe5 11. fxe5 Be7 12. Bf3 Bg5 13. Qe2 Nxd2 14. Qxd2 Rc8 15. Qe2 c5 16. c4 dxc4 17. bxc4 b6 18. e4 Bg6 19. d5 Qd7 20. Bg4 Qe7 21. Rae1 Rb8 22. g3 Qe8 23. h4 Bd8 24. h5 Bh7 25. Bh3 Bg5 26. Rf2 Kh8 27. Ref1 Qe7 28. dxe6 fxe6 29. Rxf8+ Rxf8 30. Rxf8+ Qxf8 31. Bxe6 Qe7 32. Bf5 Bg8 33. Qd3 Bf7 34. g4 Be6 35. Qf1 Bf7 36. Qd3 Be6 37. Qf1 Bf7 38. Qe2 Be6 39. Qf1 Bf7 40. Qe2 Be6 41. Qf1 Bf7 1/2-1/2

[Event "4th Memorial Warakomska-B 2020"]
[Site "Suwalki"]
[Date "2020.08.06"]
[Round "6.17"]
[White "Jaszczuk, Piotr"]
[Black "Kopaczewski, Zbigniew"]
[Result "1-0"]
[ECO "C00"]
[WhiteElo "1283"]
[BlackElo "1488"]
[Annotator "NA"]
[PlyCount "106"]
[EventDate "2020.08.06"]
[EventType "swiss"]
[EventCountry "POL"]
[SourceTitle "playchess.com"]
[Source "ChessBase"]
[SourceQuality "1"]
[TimeControl "40/5400+30:1800+30"]

1. e4 e6 2. d3 b6 3. Nd2 Bb7 4. Ngf3 g6 5. g3 c5 6. Bg2 Nc6 7. O-O Bg7 8. c3 Nge7 9. Re1 O-O 10. Nf1 Qc7 11. h4 h6 12. N3h2 Kh7 13. Ng4 f5 14. exf5 exf5 15. Bf4 d6 16. Nge3 Ne5 17. Bxe5 dxe5 18. Nc4 f4 19. g4 e4 20. dxe4 Rad8 21. Qe2 Nc6 22. Rad1 b5 23. Rxd8 Rxd8 24. Ncd2 a6 25. Nb3 Qe7 26. Qc2 Bf6 27. h5 Be5 28. hxg6+ Kxg6 29. Rd1 Bc8 30. Rxd8 Qxd8 31. Nxc5 Bxg4 32. Qd2 Qxd2 33. Nxd2 a5 34. Bf3 Bc8 35. Nd3 Bc7 36. Be2 b4 37. cxb4 axb4 38. Nb3 Ba6 39. Nxf4+ Bxf4 40. Bxa6 Be5 41. Bb7 Nd8 42. Bd5 Bxb2 43. Nc5 Bc3 44. Nd3 Kg5 45. f4+ Kf6 46. Kg2 Ne6 47. Kf3 Nd4+ 48. Kg4 Bd2 49. f5 Nc2 50. e5+ Ke7 51. f6+ Kf8 52. Bb3 Nd4 53. e6 Bg5 1-0

[Event "4th Memorial Warakomska-B 2020"]
[Site "Suwalki"]
[Date "2020.08.06"]
[Round "6.18"]
[White "Palejko, Maria"]
[Black "Pieczulis, Hubert"]
[Result "1-0"]
[ECO "B33"]
[WhiteElo "1218"]
[BlackElo "1486"]
[Annotator "NA"]
[PlyCount "59"]
[EventDate "2020.08.06"]
[EventType "swiss"]
[EventCountry "POL"]
[SourceTitle "playchess.com"]
[Source "ChessBase"]
[SourceQuality "1"]
[TimeControl "40/5400+30:1800+30"]

1. e4 c5 2. Nf3 Nc6 3. d4 cxd4 4. Nxd4 Nf6 5. Nc3 e5 6. Ndb5 d6 7. Bg5 a6 8. Bxf6 gxf6 9. Na3 b5 10. Nd5 Be6 11. c3 Bxd5 12. exd5 Ne7 13. Nc2 Qb6 14. g3 Bg7 15. Qe2 Rb8 16. Bg2 Qc5 17. Nb4 Qb6 18. O-O O-O 19. Rad1 a5 20. Nc6 Rb7 21. Qg4 Ng6 22. h4 Kh8 23. h5 Ne7 24. Nxe7 Rxe7 25. Qf5 Rd8 26. Be4 Kg8 27. h6 Bxh6 28. Qxh7+ Kf8 29. Qxh6+ Ke8 30. Qh8+ 1-0

[Event "4th Memorial Warakomska-B 2020"]
[Site "Suwalki"]
[Date "2020.08.06"]
[Round "6.19"]
[White "Dietrich, Pawel"]
[Black "Harasimczuk, Jakub"]
[Result "0-1"]
[ECO "C56"]
[WhiteElo "1162"]
[BlackElo "1400"]
[Annotator "NA"]
[PlyCount "88"]
[EventDate "2020.08.06"]
[EventType "swiss"]
[EventCountry "POL"]
[SourceTitle "playchess.com"]
[Source "ChessBase"]
[SourceQuality "1"]
[TimeControl "40/5400+30:1800+30"]

1. e4 e5 2. Nf3 Nc6 3. d4 exd4 4. Bc4 Nf6 5. e5 d5 6. Bb5 Ne4 7. Nxd4 Bd7 8. Bxc6 bxc6 9. O-O Bc5 10. Be3 Qe7 11. f3 Ng5 12. f4 Ne4 13. Nd2 Nxd2 14. Qxd2 h5 15. Nb3 Bb6 16. f5 O-O-O 17. Kh1 Qxe5 18. Nc5 Bxf5 19. Bd4 Qd6 20. Qc3 Bxc5 21. Bxc5 Qg6 22. Bxa7 Rde8 23. Rae1 Kd7 24. Bd4 h4 25. Qf3 Rxe1 26. Rxe1 h3 27. Qg3 hxg2+ 28. Kxg2 Be4+ 29. Kg1 Qxg3+ 30. hxg3 Rh1+ 31. Kf2 Rh2+ 32. Ke3 Rg2 33. Kf4 f6 34. a4 Rxc2 35. a5 Kc8 36. a6 Kb8 37. Re3 c5 38. Rb3+ Ka7 39. Bxc5+ Kxa6 40. Ra3+ Kb7 41. Rb3+ Kc6 42. Ba3 Rf2+ 43. Kg4 Bf5+ 44. Kh4 Rh2# 0-1

[Event "4th Memorial Warakomska-B 2020"]
[Site "Suwalki"]
[Date "2020.08.06"]
[Round "6.20"]
[White "Wydornik, Robert"]
[Black "Wiszniewska, Gabriela"]
[Result "1-0"]
[ECO "C50"]
[WhiteElo "1361"]
[BlackElo "1194"]
[Annotator "NA"]
[PlyCount "89"]
[EventDate "2020.08.06"]
[EventType "swiss"]
[EventCountry "POL"]
[SourceTitle "playchess.com"]
[Source "ChessBase"]
[SourceQuality "1"]
[TimeControl "40/5400+30:1800+30"]

1. e4 e5 2. Nf3 Nc6 3. Bc4 Nd4 4. O-O Nxf3+ 5. Qxf3 Qf6 6. Qb3 Ne7 7. Nc3 c6 8. a4 b6 9. d3 Bb7 10. f4 d5 11. exd5 cxd5 12. Nxd5 Nxd5 13. Bxd5 Bxd5 14. Qxd5 Bc5+ 15. Kh1 O-O 16. Qxe5 Qxe5 17. fxe5 Rfe8 18. Bf4 Bd4 19. c3 Bxe5 20. Bxe5 Rxe5 21. Rae1 Rae8 22. Rxe5 Rxe5 23. Kg1 Ra5 24. Re1 Kf8 25. Re4 f6 26. Kf2 Re5 27. Rxe5 fxe5 28. Ke3 Ke7 29. Ke4 Ke6 30. b4 g6 31. c4 Kd6 32. g3 a5 33. bxa5 bxa5 34. h3 Kc5 35. Kxe5 Kb4 36. Kd5 Kxa4 37. c5 Kb3 38. c6 a4 39. c7 a3 40. c8=Q a2 41. Qc4+ Kb2 42. Qb4+ Ka1 43. Qb3 h5 44. Qc2 h4 45. Qc1# 1-0

[Event "4th Memorial Warakomska-B 2020"]
[Site "Suwalki"]
[Date "2020.08.06"]
[Round "6.21"]
[White "Cwiek, Stefan"]
[Black "Peksa, Zuzanna"]
[Result "1-0"]
[ECO "C53"]
[WhiteElo "1349"]
[BlackElo "1146"]
[Annotator "NA"]
[PlyCount "73"]
[EventDate "2020.08.06"]
[EventType "swiss"]
[EventCountry "POL"]
[SourceTitle "playchess.com"]
[Source "ChessBase"]
[SourceQuality "1"]
[TimeControl "40/5400+30:1800+30"]

1. e4 e5 2. Nf3 Nc6 3. Bc4 Bc5 4. c3 d6 5. d4 exd4 6. cxd4 Bb4+ 7. Bd2 Nf6 8. Bxb4 Nxb4 9. Qa4+ Nc6 10. d5 O-O 11. dxc6 Qe7 12. O-O Qxe4 13. Nc3 Qg6 14. Kh1 Kh8 15. Rad1 a6 16. cxb7 Bxb7 17. Bd5 Nxd5 18. Nxd5 Qh5 19. Qh4 Qf5 20. Ne3 Qb5 21. Qc4 Bxf3 22. Qxb5 Bxg2+ 23. Kxg2 axb5 24. a3 f5 25. Nd5 Rf7 26. Rfe1 c6 27. Re7 Rff8 28. Nc7 Rab8 29. Rxd6 b4 30. Rxc6 Rfd8 31. Na6 Rb5 32. Nxb4 f4 33. Rce6 f3+ 34. Kxf3 Rf5+ 35. Ke3 Rdf8 36. Nd3 h6 37. Re8 1-0

[Event "4th Memorial Warakomska-B 2020"]
[Site "Suwalki"]
[Date "2020.08.06"]
[Round "6.22"]
[White "Walendykiewicz, Martyna"]
[Black "Pieczulis, Blazej"]
[Result "0-1"]
[ECO "C12"]
[WhiteElo "1181"]
[BlackElo "1608"]
[Annotator "NA"]
[PlyCount "107"]
[EventDate "2020.08.06"]
[EventType "swiss"]
[EventCountry "POL"]
[SourceTitle "playchess.com"]
[Source "ChessBase"]
[SourceQuality "1"]
[TimeControl "40/5400+30:1800+30"]

1. e4 e6 2. d4 d5 3. Nc3 Nf6 4. Bg5 Bb4 5. e5 h6 6. exf6 hxg5 7. fxg7 Rg8 8. Nge2 Qf6 9. Qd3 Nc6 10. a3 Ba5 11. f3 Bd7 12. O-O-O O-O-O 13. Kb1 Rxg7 14. Nc1 Rh8 15. Nb3 Bb6 16. Na4 Rgh7 17. Nxb6+ axb6 18. h3 Ne7 19. Qd2 Rh4 20. Ka2 Nf5 21. Be2 Nd6 22. Qe3 Ba4 23. Qe5 Bxb3+ 24. cxb3 Qxe5 25. dxe5 Nf5 26. Rhg1 Kd7 27. Rd2 c5 28. Bb5+ Ke7 29. Be2 Nd4 30. Rgd1 Nc6 31. Re1 Nxe5 32. Bf1 Kd6 33. Kb1 Nc6 34. g4 Nd4 35. Rd3 e5 36. Bg2 Rc8 37. Rc3 Rhh8 38. Kc1 b5 39. Kd2 c4 40. bxc4 bxc4 41. Bf1 Nb3+ 42. Kd1 b5 43. Rce3 f6 44. Kc2 d4 45. Rd1 Kc5 46. Ree1 d3+ 47. Kc3 Nd4 48. Re3 Ne6 49. Rc1 Nf4 50. Rce1 Nd5+ 51. Kd2 Nxe3 52. Rxe3 b4 53. axb4+ Kxb4 54. Re4 0-1

[Event "4th Memorial Warakomska-B 2020"]
[Site "Suwalki"]
[Date "2020.08.06"]
[Round "6.23"]
[White "Borowik, Monika"]
[Black "Dietrich, Grzegorz"]
[Result "0-1"]
[ECO "D47"]
[WhiteElo "1286"]
[BlackElo "1210"]
[Annotator "NA"]
[PlyCount "68"]
[EventDate "2020.08.06"]
[EventType "swiss"]
[EventCountry "POL"]
[SourceTitle "playchess.com"]
[Source "ChessBase"]
[SourceQuality "1"]
[TimeControl "40/5400+30:1800+30"]

1. d4 d5 2. Nf3 e6 3. c4 c6 4. Nc3 Nf6 5. e3 Nbd7 6. Bd3 dxc4 7. Bxc4 b5 8. Bd3 b4 9. Ne4 Nxe4 10. Bxe4 Bb7 11. O-O Qb6 12. Bd2 O-O-O 13. Ng5 Nf6 14. Nxf7 Nxe4 15. Nxh8 Qc7 16. Be1 Bd6 17. f4 Rxh8 18. Qb3 Qe7 19. Rc1 Kd7 20. a3 a5 21. axb4 Bxb4 22. Bxb4 axb4 23. Rfd1 Qh4 24. Qc2 Nf6 25. Qd2 Ne4 26. Qc2 Nd6 27. Ra1 Ra8 28. Rxa8 Bxa8 29. Ra1 Bb7 30. Qd2 Ne4 31. Qe2 Kc7 32. Ra4 Qe7 33. Qc4 Qh4 34. Qc2 Qe1# 0-1

[Event "4th Memorial Warakomska-B 2020"]
[Site "Suwalki"]
[Date "2020.08.06"]
[Round "6.24"]
[White "Szewczyk, Malwina"]
[Black "Zawal, Krzysztof"]
[Result "1-0"]
[ECO "D04"]
[WhiteElo "1323"]
[BlackElo "1105"]
[Annotator "NA"]
[PlyCount "81"]
[EventDate "2020.08.06"]
[EventType "swiss"]
[EventCountry "POL"]
[SourceTitle "playchess.com"]
[Source "ChessBase"]
[SourceQuality "1"]
[TimeControl "40/5400+30:1800+30"]

1. d4 d5 2. e3 Bf5 3. Nf3 e6 4. b3 Nf6 5. Bb2 c6 6. Nbd2 Bd6 7. Bd3 Bxd3 8. cxd3 O-O 9. e4 Bb4 10. O-O Bxd2 11. Nxd2 dxe4 12. dxe4 Nbd7 13. Re1 Re8 14. Nc4 Qc7 15. Rc1 Nb6 16. e5 Nfd5 17. Nd6 Red8 18. Qg4 Nc8 19. Ne4 Qe7 20. Rb1 a6 21. Nf6+ Nxf6 22. exf6 Qxf6 23. d5 Qg6 24. Qb4 cxd5 25. Qxb7 Nd6 26. Qb4 Rab8 27. Qf4 a5 28. Be5 Rb4 29. Qf3 Ne4 30. Rbd1 Rc8 31. a3 Rb7 32. b4 axb4 33. axb4 f6 34. Bb2 Rc2 35. Re2 Rxe2 36. Qxe2 Rxb4 37. f3 Ng5 38. Ba3 Rb3 39. Qa6 Nxf3+ 40. Kh1 Qh5 41. Qxe6+ 1-0

[Event "4th Memorial Warakomska-B 2020"]
[Site "Suwalki"]
[Date "2020.08.06"]
[Round "6.27"]
[White "Kolcon, Waclaw"]
[Black "Owczarz, Michal"]
[Result "1-0"]
[ECO "B33"]
[WhiteElo "1235"]
[BlackElo "1018"]
[Annotator "NA"]
[PlyCount "39"]
[EventDate "2020.08.06"]
[EventType "swiss"]
[EventCountry "POL"]
[SourceTitle "playchess.com"]
[Source "ChessBase"]
[SourceQuality "1"]
[TimeControl "40/5400+30:1800+30"]

1. e4 c5 2. Nf3 Nc6 3. d4 cxd4 4. Nxd4 Nf6 5. Nc3 e5 6. Ndb5 d6 7. Bg5 a6 8. Bxf6 Qxf6 9. Nc7+ Kd8 10. Nxa8 Nd4 11. Nd5 Qf4 12. Nxf4 Nf3+ 13. Qxf3 exf4 14. Qxf4 Be6 15. O-O-O Be7 16. Rxd6+ Bxd6 17. Qxd6+ Bd7 18. Nb6 Ke8 19. Qxd7+ Kf8 20. Qd8# 1-0

[Event "4th Memorial Warakomska-B 2020"]
[Site "Suwalki"]
[Date "2020.08.06"]
[Round "6.28"]
[White "Wardziak, Ewa"]
[Black "Borowik, Grzegorz"]
[Result "0-1"]
[ECO "B90"]
[WhiteElo "1280"]
[BlackElo "1089"]
[Annotator "NA"]
[PlyCount "71"]
[EventDate "2020.08.06"]
[EventType "swiss"]
[EventCountry "POL"]
[SourceTitle "playchess.com"]
[Source "ChessBase"]
[SourceQuality "1"]
[TimeControl "40/5400+30:1800+30"]

1. e4 c5 2. Nf3 d6 3. d4 cxd4 4. Nxd4 Nf6 5. Nc3 a6 6. Bd3 Nc6 7. Be3 Nxd4 8. Bxd4 e5 9. Be3 Be6 10. O-O Ng4 11. Nd5 Nxe3 12. fxe3 Be7 13. Be2 O-O 14. Bg4 Bg5 15. Qe2 Bxd5 16. exd5 Qb6 17. b3 Bxe3+ 18. Kh1 Bd4 19. Rad1 Qc5 20. Qe4 Qc7 21. Rf3 g6 22. h4 f5 23. Bxf5 gxf5 24. Rxf5 Rxf5 25. Qxf5 Rf8 26. Qe6+ Qf7 27. Rf1 Qxe6 28. Rxf8+ Kxf8 29. dxe6 Ke7 30. c4 Kxe6 31. Kh2 b5 32. cxb5 axb5 33. Kg3 b4 34. Kf3 Kd5 35. g4 e4+ 36. Kf4 0-1

[Event "4th Memorial Warakomska-B 2020"]
[Site "Suwalki"]
[Date "2020.08.06"]
[Round "6.29"]
[White "Gladyszewski, Adam"]
[Black "Kaznowska, Kinga"]
[Result "1-0"]
[ECO "D37"]
[WhiteElo "1174"]
[BlackElo "1007"]
[Annotator "NA"]
[PlyCount "115"]
[EventDate "2020.08.06"]
[EventType "swiss"]
[EventCountry "POL"]
[SourceTitle "playchess.com"]
[Source "ChessBase"]
[SourceQuality "1"]
[TimeControl "40/5400+30:1800+30"]

1. d4 d5 2. c4 e6 3. Nf3 Nf6 4. Bf4 Be7 5. Nc3 O-O 6. e3 Nbd7 7. h3 b6 8. Be2 Bb7 9. O-O c5 10. cxd5 exd5 11. dxc5 bxc5 12. Nh4 Ne4 13. Nf5 Nxc3 14. Nxe7+ Qxe7 15. bxc3 Nf6 16. Bf3 h6 17. Re1 Ne4 18. Qc2 Rfd8 19. c4 dxc4 20. Rab1 Bc6 21. Rbc1 Rac8 22. Bxe4 Qxe4 23. Qxe4 Bxe4 24. Rxc4 Bd3 25. Rc3 a6 26. Rec1 c4 27. Ra3 Rc6 28. Be5 Rd5 29. Bd4 Rb5 30. f3 Kf8 31. Kf2 f6 32. Ke1 Ke7 33. Rxd3 Ra5 34. Rd2 Kd6 35. Rdc2 Ra4 36. Rb1 g6 37. Rb6 Rxb6 38. Bxb6 Rb4 39. Bd4 f5 40. Kd2 Kd5 41. Bc3 Ra4 42. g4 fxg4 43. hxg4 Kc6 44. Bg7 h5 45. gxh5 gxh5 46. Ke2 Kc5 47. Bc3 Kd5 48. Kf2 Ke6 49. Kg3 Kf5 50. Kh4 Kg6 51. Rg2+ Kh7 52. Kxh5 Ra3 53. Rc2 Kg8 54. Kg5 Kf7 55. Kf5 Ke7 56. Ke5 Kd7 57. Kd5 Kc7 58. Kc5 1-0

[Event "4th Memorial Warakomska-B 2020"]
[Site "Suwalki"]
[Date "2020.08.06"]
[Round "6.30"]
[White "Krzastek, Adrian"]
[Black "Szczepanska, Jagoda"]
[Result "1/2-1/2"]
[ECO "C66"]
[WhiteElo "1128"]
[BlackElo "1015"]
[Annotator "NA"]
[PlyCount "64"]
[EventDate "2020.08.06"]
[EventType "swiss"]
[EventCountry "POL"]
[SourceTitle "playchess.com"]
[Source "ChessBase"]
[SourceQuality "1"]
[TimeControl "40/5400+30:1800+30"]

1. e4 e5 2. Nf3 Nc6 3. Bb5 d6 4. Nc3 Be7 5. h3 Nf6 6. O-O O-O 7. d3 h6 8. Be3 a6 9. Bc4 Na5 10. Bb3 Nxb3 11. axb3 Nh7 12. Nd5 f5 13. Nxe7+ Qxe7 14. Ra2 f4 15. Bd2 Qf6 16. Qe2 Be6 17. Rfa1 Ng5 18. Ba5 b6 19. Bc3 a5 20. b4 Bxa2 21. Rxa2 axb4 22. Rxa8 Rxa8 23. Bxb4 Kh7 24. Nd2 Rf8 25. Nf3 c5 26. Bc3 Ra8 27. Nxg5+ Qxg5 28. Kh2 Rf8 29. Qf3 b5 30. b3 Rc8 31. Qe2 Rf8 32. Qf3 Rf7 1/2-1/2

[Event "4th Memorial Warakomska-B 2020"]
[Site "Suwalki"]
[Date "2020.08.06"]
[Round "6.34"]
[White "Zalega, Joanna"]
[Black "Maliszewski, Stefan"]
[Result "1/2-1/2"]
[ECO "E20"]
[WhiteElo "1127"]
[BlackElo "1083"]
[Annotator "NA"]
[PlyCount "28"]
[EventDate "2020.08.06"]
[EventType "swiss"]
[EventCountry "POL"]
[SourceTitle "playchess.com"]
[Source "ChessBase"]
[SourceQuality "1"]
[TimeControl "40/5400+30:1800+30"]

1. d4 Nf6 2. c4 e6 3. Nf3 Be7 4. Nc3 O-O 5. Bf4 b6 6. e3 Bb7 7. Be2 d6 8. h3 c5 9. O-O Nc6 10. a3 h6 11. Qc2 cxd4 12. Nxd4 Nxd4 13. exd4 d5 14. Bf3 Bd6 1/2-1/2